Ben, chaotic male elven Wizard ----------- --------------- # |..........# ##..............| -.----------- |)........|# # |..)..........| |...........| |.<.......|#### |.............+# |...........| -.--------- ## ---------------# #-...........| ## ## ###### # ###------------- # # # # # # ###################)##[##### # ### -----+---# # -------# # # |.......|# ### |.....|######B@######################## |.......|# # |......#####---+-# --------------# --.--- |.......|# ###|.....| # #|...|######-.............########.....| |.......|# #-.....| ###|...| # |............| # |....| |........# |.....| #->..-## |.....|......| ...#.| |.......| ------- #----- #.............| ------ --------- ############-------------- Ben the Conjurer Experience level: 5 Strength: 11 Dexterity: 14 Constitution: 15 Intelligence: 20 Wisdom: 8 Charisma: 10 Health: 0(36) Energy: 58(58) AC: 8 Gold: 265 Moves: 1259 Your Inventory: Coins $ - 265 gold pieces Weapons a - a blessed +1 quarterstaff (weapon in hands) Armor b - an uncursed +0 cloak of magic resistance (being worn) v - an [uncursed] +0 iron skull cap [of searching (orcish helm)] (being worn) Scrolls i - an uncursed scroll of enchant weapon j - an uncursed scroll of remove curse k - an uncursed scroll of confuse monster Spellbooks l - a blessed spellbook of force bolt m - an uncursed spellbook of magic missile Potions f - an uncursed potion of invisibility h - an uncursed potion of healing x - an [uncursed] ochre potion [of gain ability] Rings d - an uncursed ring of fire resistance (on right hand) e - an uncursed ring of regeneration (on left hand) Wands c - an uncursed wand of slow monster (0:5) q - an [uncursed] wand of magic missile [0:6] Tools n - an uncursed blindfold o - an uncursed wooden flute Gems r - an [uncursed] violet gem [worthless glass] Spells known in the end: Name Level Category Fail Memory a - force bolt 1 attack 0% [||||||||] b - magic missile 2 attack 0% [||||||||] Your skills at the end: Fighting Skills Weapon Skills quarterstaff [Basic / Expert] Spellcasting Skills attack spells [Basic / Expert] enchantment spells [Basic / Skilled] Final Attributes: You were devoutly aligned. Hunger level was -56. Your alignment was 15 / 16. Monster difficulty range was 0 - 4. Level difficulty was 3. You were immune to fire. You were immune to sleep. You were magic-protected. You saw invisible. You had automatic searching. You had infravision. You regenerated. Your luck was zero. You are dead. Vanquished creatures: 2 iguanas a hobgoblin a yellow mold 2 green molds 2 geckos 7 jackals 3 kobolds a goblin a grid bug 2 lichens a kobold zombie a newt 24 creatures vanquished. Voluntary challenges: You were an atheist. You used a wielded weapon 26 times. You read items or engraved 2 times. You put on armor 2 times. You never genocided any monsters. You never polymorphed an object. You never changed form. You used no wishes. You never wrote Elbereth's name. You never encountered a bones level. You never used any Sokoban shortcuts. Dungeon overview: The Dungeons of Doom: levels 1 to 3 Level 1 a long staircase Level 3 <- You were here a sink History has recorded: On T:1 you entered the Dungeons of Doom to retrieve the Amulet of Yendor! On T:312 you advanced to experience level 2. On T:413 you reached level 2 of The Dungeons of Doom. On T:525 you advanced to experience level 3. On T:811 you reached level 3 of The Dungeons of Doom. On T:852 you advanced to experience level 4. On T:1220 you advanced to experience level 5. Latest messages: You are too hungry to cast that spell. The giant bat bites! [HP-3=33] You miss the giant bat. The giant bat bites! (2x) [HP-6=27] You miss the giant bat. The giant bat bites! (2x) [HP-6=21] You hit the giant bat. The giant bat bites! (2x) [HP-6=15] The giant bat squeaks. The giant bat bites! You faint from lack of food. [HP-4=11] The giant bat bites! (2x) [HP-3=8] The giant bat bites! (2x) [HP-3=5] The giant bat bites! (2x) You die... Final status: Goodbye Ben the Wizard... You died in The Dungeons of Doom on dungeon level 3 with 697 points, and 265 pieces of gold, after 1259 moves. You were level 5 with a maximum of 36 hit points when you died.